3A
DELAWARE 1787 BC @ YORK REVOLUTION
06/14/2025
 
TOP OF THE 1ST
Delaware 1787 BC batting - Pitching for York Revolution : RHP Manny Merico
Pitching: RHP Manny Merico
Batting: RHB Wilson Vega 0-0: Called Strike
0-1: Ball
1-1: Swinging Strike
1-2: Strikes out swinging, 2-3 out at first.
Batting: LHB José Rodríguez 0-0: Foul Ball, location: 2F
0-1: Ball
1-1: Ball
2-1: Foul Ball, location: 2F
2-2: Ball
3-2: Base on Balls
Batting: LHB Francisco García 0-0: Ball
1-0: Ball
2-0: Foul Ball, location: 2F
2-1: Called Strike
2-2: Fly out, F8 (Flyball, 8LD)
Batting: LHB Manoo Satyavrat 0-0: Swinging Strike
0-1: Ball
1-1: Swinging Strike
1-2: Strikes out swinging
Top of the 1st over - 0 run(s), 0 hit(s), 0 error(s), 1 left on base; Delaware 0 - York 0
BOTTOM OF THE 1ST
York Revolution batting - Pitching for Delaware 1787 BC : RHP Jesús Guerra
Pitching: RHP Jesús Guerra
Batting: SHB Carlos González 0-0: Ground out U3 (Groundball, 34)
Batting: RHB Martín Placido 0-0: Ball
1-0: Called Strike
1-1: Foul Ball, location: 2F
1-2: Ball
2-2: Ball
3-2: Fly out, F9 (Line Drive, 9)
Batting: LHB Harold Wiggins 0-0: Called Strike
0-1: Ball
1-1: Foul Ball, location: 2F
1-2: Ball
2-2: Strikes out swinging
Bottom of the 1st over - 0 run(s), 0 hit(s), 0 error(s), 0 left on base; Delaware 0 - York 0
TOP OF THE 2ND
Delaware 1787 BC batting - Pitching for York Revolution : RHP Manny Merico
Batting: RHB Felipe Bruno 0-0: Called Strike
0-1: Hit by Pitch
Batting: SHB Sam Quint 0-0: Ground out 4-3 (Groundball, 34)
Felipe Bruno to second
Batting: RHB Cristián Alfonso 0-0: Ball
1-0: Ball
2-0: Called Strike
2-1: Foul Ball, location: 2F
2-2: Ground out 6-3 (Groundball, 6)
Batting: RHB Gilberto Rodríguez 0-0: 2-RUN HOME RUN (Flyball, 78XD), Distance : 438 ft
Batting: RHB Senior Pond 0-0: Foul Ball, location: 2F
0-1: Called Strike
0-2: Ball
1-2: Strikes out looking
Top of the 2nd over - 2 run(s), 1 hit(s), 0 error(s), 0 left on base; Delaware 2 - York 0
BOTTOM OF THE 2ND
York Revolution batting - Pitching for Delaware 1787 BC : RHP Jesús Guerra
Batting: RHB Leo Cadden 0-0: Ball
1-0: Called Strike
1-1: Called Strike
1-2: Strikes out looking
Batting: SHB Roberto Córdova 0-0: Swinging Strike
0-1: Foul Ball, location: 2F
0-2: Ball
1-2: SINGLE (Groundball, 56D)
Batting: RHB Jorge Estrada 0-0: Called Strike
0-1: Ball
1-1: Ball
2-1: Foul Ball, location: 2F
2-2: Foul Ball, location: 2F
2-2: Strikes out swinging
Batting: RHB Chano Guzmán 0-0: Called Strike
0-1: Called Strike
0-2: Ball
1-2: Fly out, F8 (Flyball, 8RD)
Bottom of the 2nd over - 0 run(s), 1 hit(s), 0 error(s), 1 left on base; Delaware 2 - York 0
TOP OF THE 3RD
Delaware 1787 BC batting - Pitching for York Revolution : RHP Manny Merico
Batting: RHB Wilson Vega 0-0: Called Strike
0-1: Called Strike
0-2: Ball
1-2: Strikes out swinging
Batting: LHB José Rodríguez 0-0: Ball
1-0: Called Strike
1-1: Ball
2-1: Fly out, F8 (Flyball, 8RM)
Batting: LHB Francisco García 0-0: Ball
1-0: Foul Ball, location: 2F
1-1: Ball
2-1: SOLO HOME RUN (Line Drive, 9D), Distance : 406 ft
Batting: LHB Manoo Satyavrat 0-0: Ground out U3 (Groundball, 3)
Top of the 3rd over - 1 run(s), 1 hit(s), 0 error(s), 0 left on base; Delaware 3 - York 0
BOTTOM OF THE 3RD
York Revolution batting - Pitching for Delaware 1787 BC : RHP Jesús Guerra
Batting: RHB Rafael Crava 0-0: Ball
1-0: Called Strike
1-1: DOUBLE (Groundball, 5L)
Batting: RHB Edgardo Bello 0-0: Called Strike
0-1: Foul Ball, location: 2F
0-2: Ball
1-2: Strikes out swinging
Batting: SHB Carlos González 0-0: Called Strike
0-1: Swinging Strike
0-2: Ball
1-2: Foul Ball, location: 2F
1-2: Strikes out looking
Batting: RHB Martín Placido 0-0: DOUBLE (Groundball, 3L)
Rafael Crava scores
Batting: LHB Harold Wiggins 0-0: Ball
1-0: Ball
2-0: Foul Ball, location: 2F
2-1: Fly out, F8 (Line Drive, 8RM)
Bottom of the 3rd over - 1 run(s), 2 hit(s), 0 error(s), 1 left on base; Delaware 3 - York 1
TOP OF THE 4TH
Delaware 1787 BC batting - Pitching for York Revolution : RHP Manny Merico
Batting: RHB Felipe Bruno 0-0: Foul Ball, location: 2F
0-1: Called Strike
0-2: Hit by Pitch
Batting: SHB Sam Quint 0-0: Called Strike
0-1: Foul Ball, location: 2F
0-2: Ball
1-2: Strikes out swinging
Batting: RHB Cristián Alfonso 0-0: Foul Ball, location: 2F
0-1: Called Strike
0-2: Ball
1-2: Strikes out swinging
Batting: RHB Gilberto Rodríguez 0-0: Ball
1-0: Ball
2-0: Swinging Strike
2-1: Called Strike
2-2: Strikes out swinging
Top of the 4th over - 0 run(s), 0 hit(s), 0 error(s), 1 left on base; Delaware 3 - York 1
BOTTOM OF THE 4TH
York Revolution batting - Pitching for Delaware 1787 BC : RHP Jesús Guerra
Batting: RHB Leo Cadden 0-0: Ball
1-0: SINGLE (Groundball, 6D)
Batting: SHB Roberto Córdova 0-0: Ball
1-0: Swinging Strike
1-1: Ball
2-1: Foul Ball, location: 2F
2-2: Strikes out looking
Batting: RHB Jorge Estrada 0-0: Foul Ball, location: 2F
0-1: Ball
1-1: Ball
2-1: Foul Ball, location: 2F
2-2: Foul Ball, location: 2F
2-2: Foul Ball, location: 2F
2-2: Fielders Choice at 2nd, 4-6 (Groundball, 4M)
Batting: RHB Chano Guzmán 0-0: Ball
1-0: Ball
2-0: Called Strike
2-1: Fielders Choice at 2nd, 5-4 (Groundball, 56)
Bottom of the 4th over - 0 run(s), 1 hit(s), 0 error(s), 0 left on base; Delaware 3 - York 1
TOP OF THE 5TH
Delaware 1787 BC batting - Pitching for York Revolution : RHP Manny Merico
Batting: RHB Senior Pond 0-0: Ball
1-0: Ball
2-0: Foul Ball, location: 2F
2-1: Ball
3-1: Base on Balls
Batting: RHB Wilson Vega 0-0: Foul Ball, location: 2F
0-1: Called Strike
0-2: Strikes out swinging
Batting: LHB José Rodríguez 0-0: Ball
1-0: Ball
2-0: Ball
3-0: Base on Balls
Senior Pond to second
Batting: LHB Francisco García 0-0: Ball
1-0: Foul Ball, location: 2F
1-1: Swinging Strike
1-2: Strikes out swinging
Batting: LHB Manoo Satyavrat 0-0: Ball
1-0: Called Strike
1-1: Ball
2-1: Swinging Strike
2-2: Ball
3-2: Foul Ball, location: 2F
3-2: Foul Ball, location: 2F
3-2: Ground out U3 (Groundball, 34)
Top of the 5th over - 0 run(s), 0 hit(s), 0 error(s), 2 left on base; Delaware 3 - York 1
BOTTOM OF THE 5TH
York Revolution batting - Pitching for Delaware 1787 BC : RHP Jesús Guerra
Batting: RHB Rafael Crava 0-0: Ball
1-0: Ball
2-0: Called Strike
2-1: Swinging Strike
2-2: Foul Ball, location: 2F
2-2: Strikes out swinging
Batting: RHB Edgardo Bello 0-0: Ball
1-0: Fly out, F7 (Flyball, 7)
Batting: SHB Carlos González 0-0: Called Strike
0-1: Ball
1-1: Ball
2-1: Fly out, F5 (Flyball, 5D)
Bottom of the 5th over - 0 run(s), 0 hit(s), 0 error(s), 0 left on base; Delaware 3 - York 1
TOP OF THE 6TH
Delaware 1787 BC batting - Pitching for York Revolution : RHP Manny Merico
Batting: RHB Felipe Bruno 0-0: Foul Ball, location: 2F
0-1: Ball
1-1: Foul Ball, location: 2F
1-2: Ball
2-2: Strikes out swinging
Batting: SHB Sam Quint 0-0: Ball
1-0: Ball
2-0: Called Strike
2-1: Foul Ball, location: 2F
2-2: Strikes out swinging, 2-3 out at first.
Batting: RHB Cristián Alfonso 0-0: Foul Ball, location: 2F
0-1: Swinging Strike
0-2: Ball
1-2: Ball
2-2: Strikes out looking
Top of the 6th over - 0 run(s), 0 hit(s), 0 error(s), 0 left on base; Delaware 3 - York 1
BOTTOM OF THE 6TH
York Revolution batting - Pitching for Delaware 1787 BC : RHP Jesús Guerra
Batting: RHB Martín Placido 0-0: Ground out 4-3 (Groundball, 4)
Batting: LHB Harold Wiggins 0-0: Ball
1-0: Called Strike
1-1: SINGLE (Line Drive, 34D)
Batting: RHB Leo Cadden 0-0: Ball
1-0: Swinging Strike
1-1: Fielders Choice at 2nd, 6-4 (Groundball, 6M)
Batting: SHB Roberto Córdova Pickoff Throw to First - Out!
Bottom of the 6th over - 0 run(s), 1 hit(s), 0 error(s), 0 left on base; Delaware 3 - York 1
TOP OF THE 7TH
Delaware 1787 BC batting - Pitching for York Revolution : RHP Manny Merico
Batting: RHB Gilberto Rodríguez 0-0: Ground out 6-3 (Groundball, 6)
Batting: RHB Senior Pond 0-0: Swinging Strike
0-1: Foul Ball, location: 2F
0-2: Strikes out looking
Batting: RHB Wilson Vega 0-0: Ball
1-0: Ball
2-0: Ball
3-0: Called Strike
3-1: Swinging Strike
3-2: Strikes out swinging
Top of the 7th over - 0 run(s), 0 hit(s), 0 error(s), 0 left on base; Delaware 3 - York 1
BOTTOM OF THE 7TH
York Revolution batting - Pitching for Delaware 1787 BC : RHP Jesús Guerra
Batting: SHB Roberto Córdova 0-0: Swinging Strike
0-1: Ball
1-1: Ball
2-1: Fly out, F4 (Popup, 4D)
Batting: RHB Jorge Estrada 0-0: Ball
1-0: Fly out, F9 (Flyball, 9S)
Batting: RHB Chano Guzmán 0-0: Foul Ball, location: 2F
0-1: Foul Ball, location: 2F
0-2: Foul Ball, location: 2F
0-2: Ball
1-2: Strikes out swinging
Bottom of the 7th over - 0 run(s), 0 hit(s), 0 error(s), 0 left on base; Delaware 3 - York 1
TOP OF THE 8TH
Delaware 1787 BC batting - Pitching for York Revolution : RHP Manny Merico
Batting: LHB José Rodríguez 0-0: Called Strike
0-1: Ball
1-1: Ball
2-1: Swinging Strike
2-2: Fly out, F7 (Flyball, 7S)
Batting: LHB Francisco García 0-0: Ground out 5-3 (Groundball, 5D)
Batting: LHB Manoo Satyavrat 0-0: Foul Ball, location: 2F
0-1: Ball
1-1: Swinging Strike
1-2: Ball
2-2: Strikes out swinging
Top of the 8th over - 0 run(s), 0 hit(s), 0 error(s), 0 left on base; Delaware 3 - York 1
BOTTOM OF THE 8TH
York Revolution batting - Pitching for Delaware 1787 BC : RHP Jesús Guerra
Pitching: RHP Apollo Cepeda
Batting: RHB Rafael Crava 0-0: Ball
1-0: Foul Ball, location: 2F
1-1: Ball
2-1: Foul Ball, location: 2F
2-2: Ball
3-2: Strikes out looking
Batting: RHB Edgardo Bello 0-0: Ground out 6-3 (Groundball, 6)
Batting: SHB Carlos González 0-0: Called Strike
0-1: Ball
1-1: DOUBLE (Line Drive, 9LM)
Batting: RHB Martín Placido 0-0: Ball
1-0: Called Strike
1-1: Foul Ball, location: 2F
1-2: Ball
2-2: Ball
3-2: Foul Ball, location: 2F
3-2: Base on Balls
Batting: LHB Harold Wiggins 0-0: Called Strike
0-1: Foul Ball, location: 2F
0-2: Strikes out swinging
Bottom of the 8th over - 0 run(s), 1 hit(s), 0 error(s), 2 left on base; Delaware 3 - York 1
TOP OF THE 9TH
Delaware 1787 BC batting - Pitching for York Revolution : RHP Manny Merico
Pitching: RHP Chang-bum P'i
Batting: RHB Felipe Bruno 0-0: Foul Ball, location: 2F
0-1: Ball
1-1: Swinging Strike
1-2: Foul Ball, location: 2F
1-2: TRIPLE (Flyball, 8RXD)
Batting: SHB Sam Quint 0-0: Intentional Walk
Pinch Hitting: LHB Ward Wilberfoss 0-0: Ball
1-0: SINGLE (Groundball, 56D)
Felipe Bruno scores
Sam Quint to second
Batting: RHB Gilberto Rodríguez 0-0: Ball
1-0: Called Strike
1-1: Ball
2-1: Ball
3-1: Swinging Strike
3-2: Foul Ball, location: 2F
3-2: Base on Balls
Sam Quint to third
Ward Wilberfoss to second
Batting: RHB Senior Pond 0-0: Foul Ball, location: 2F
0-1: Ball
1-1: Ball
2-1: Ball
3-1: Called Strike
3-2: Strikes out swinging
Batting: RHB Wilson Vega 0-0: Swinging Strike
0-1: Called Strike
0-2: Foul Ball, location: 2F
0-2: Strikes out swinging
Batting: LHB José Rodríguez 0-0: Ball
1-0: Called Strike
1-1: Swinging Strike
1-2: Ball
Wild Pitch!
Sam Quint scores
Ward Wilberfoss to third
Gilberto Rodríguez to second
2-2: Strikes out swinging
Top of the 9th over - 2 run(s), 2 hit(s), 0 error(s), 2 left on base; Delaware 5 - York 1
BOTTOM OF THE 9TH
York Revolution batting - Pitching for Delaware 1787 BC : RHP Apollo Cepeda
Now at 3B: Arturo Urquiza
Batting: RHB Leo Cadden 0-0: Called Strike
0-1: Ball
1-1: Called Strike
1-2: Ball
2-2: Ball
3-2: Strikes out swinging
Batting: SHB Roberto Córdova 0-0: Ball
1-0: Ball
2-0: Swinging Strike
2-1: Foul Ball, location: 2F
2-2: Strikes out swinging
Batting: RHB Jorge Estrada 0-0: Called Strike
0-1: Swinging Strike
0-2: Strikes out looking
Bottom of the 9th over - 0 run(s), 0 hit(s), 0 error(s), 0 left on base; Delaware 5 - York 1
Friday, December 30th, 2016 - OOTP Baseball 17.12 Build 75